 Dungeon Crawl Stone Soup version 0.28-a0-556-gab23d0e057 (webtiles) character file.

Game seed: 16437721780760265594

2247 shoop the Covert (level 9, -2/63 HPs)
             Began as a Vine Stalker Hedge Wizard on Sept 27, 2021.
             Was a Believer of Sif Muna.
             Succumbed to a killer bee's poison
             ... on level 8 of the Dungeon on Sept 28, 2021.
             The game lasted 00:41:29 (10572 turns).

shoop the Covert (Vine Stalker Hedge Wizard)       Turns: 10572, Time: 00:41:29

Health: -2/63      AC:  3    Str: 14    XL:     9   Next: 37%
Magic:  17/23      EV: 12    Int: 17    God:    Sif Muna [**....]
Gold:   309        SH:  0    Dex: 13    Spells: 6/14 levels left

rFire   . . .      SeeInvis +   q - +2 dagger (freeze)
rCold   . . .      Faith    .   (no shield)
rNeg    . . .      Spirit   +   b - +0 robe
rPois   .          Reflect  .   c - +0 hat
rElec   .          Harm     .   (no cloak)
rCorr   .          Rampage  .   (no gloves)
Will    +....                   C - +0 pair of boots
Stlth   ..........              e - amulet of the acrobat
HPRegen 1.20/turn               K - ring of magical power
MPRegen 0.18/turn               E - ring of see invisible

@: berserking, lethally poisoned (-2 -> -12), very quick
A: fangs 3, regeneration 1, magic shield, antimagic bite, no potion heal 2
a: Renounce Religion, Channel Magic


You were on level 8 of the Dungeon.
You worshipped Sif Muna.
Sif Muna was pleased with you.
You visited 1 branch of the dungeon, and saw 8 of its levels.
You also visited: Sewer.

You collected 309 gold pieces.

Inventory:

Hand Weapons
 a - a +0 dagger
 q - a +2 dagger of freezing (weapon)
 x - a +0 rapier
 N - a +6 flail of protection
Missiles
 J - a throwing net
 M - a curare-tipped dart
Armour
 b - a +0 robe (worn)
 c - a +0 hat (worn)
 m - a +0 buckler
 C - a +0 pair of boots (worn)
Jewellery
 e - an amulet of the acrobat (around neck)
 f - a ring of flight
 i - a ring of ice
 E - a ring of see invisible (right hand)
 K - a ring of magical power (left hand)
Wands
 o - a wand of iceblast (5)
 I - a wand of flame (12)
Scrolls
 d - 2 scrolls of enchant weapon {unknown}
 g - a scroll of acquirement {unknown}
 h - 3 scrolls of blinking {unknown}
 l - 4 scrolls of teleportation {unknown}
 n - 4 scrolls of fog
 p - a scroll of magic mapping
 r - a scroll of summoning {unknown}
 w - a scroll of enchant armour {unknown}
 y - a scroll of amnesia {unknown}
 A - a scroll of holy word {unknown}
 F - 2 scrolls of noise {unknown}
 L - a scroll of vulnerability {unknown}
Potions
 j - a potion of berserk rage
 k - 2 potions of curing {unknown}
 s - 2 potions of magic {unknown}
 t - a potion of heal wounds
 v - 3 potions of invisibility
 z - 2 potions of brilliance {unknown}
 B - a potion of resistance {unknown}
 D - 2 potions of attraction {unknown}
 G - 3 potions of might {unknown}
 H - a potion of ambrosia {unknown}
 O - a potion of flight {unknown}


   Skills:
 - Level 2.0 Fighting
 * Level 7.0 Short Blades
 - Level 1.0 Throwing
 - Level 2.0 Dodging
 + Level 8.3 Stealth
 - Level 3.2 Spellcasting
 - Level 3.0 Conjurations
 - Level 1.0 Summonings
 - Level 2.0 Translocations
 - Level 3.0 Air Magic
 - Level 3.0 Poison Magic
 - Level 2.0 Evocations


You had 6 spell levels left.
You knew the following spells:

 Your Spells              Type           Power      Damage    Failure   Level
a - Magic Dart            Conj           48%        1d5       4%          1
b - Blink                 Tloc           N/A        N/A       12%         2
c - Mephitic Cloud        Conj/Pois/Air  12%        N/A       16%         3
d - Poisonous Vapours     Pois/Air       24%        N/A       8%          2

Your spell library contained the following spells:

 Spells                   Type           Power      Damage    Failure   Level
 Corpse Rot               Necr/Air       N/A        N/A       14%         2
 Animate Skeleton         Necr           4%         N/A       17%         1
 Pain                     Necr           8%         1d4       17%         1
 Call Imp                 Summ           6%         N/A       17%         2
 Slow                     Hex            2%         N/A       26%         2
 Conjure Flame            Conj/Fire      7%         6-21      28%         3
 Portal Projectile        Hex/Tloc       12%        N/A       34%         3
 Vampiric Draining        Necr           1%         2d6       45%         3
 Iskenderun's Mystic Bla  Conj/Tloc      11%        2d4       52%         4
 Fulminant Prism          Conj/Hex       3%         3d6       67%         4
 Blade Hands              Tmut           1%         N/A       99%         5
 Excruciating Wounds      Necr           1%         N/A       99%         5
 Lee's Rapid Deconstruct  Erth           1%         3d5*      99%         5
 Chain Lightning          Conj/Air       6%         3d8       100%        9
 Fire Storm               Conj/Fire      3%         8d1       100%        9
 Shatter                  Erth           1%         3d5*      100%        9


Dungeon Overview and Level Annotations

Branches:
Dungeon (8/15)             Temple (0/1) D:6           Sewer (visited)
   Lair: D:8-11

Altars:
Cheibriados
Qazlal
Sif Muna
Xom

Shops:
D:1 :   D:6 [

Annotations:
D:5 1 runed translucent door, Crazy Yiuf, Dowan
D:7 exclusions: ice beast and upstairs


Innate Abilities, Weirdness & Mutations

You have razor-sharp teeth.
Your natural rate of healing is unusually fast.
When hurt, damage is shared between your health and your magic reserves.
Your bite disrupts and absorbs the magic of your enemies.
Potions cannot restore your health.


Message History

The killer bee closely misses you.
Casting: Magic Dart (safe; 4% risk of failure)
Confirm with . or Enter, or press ? or * to list all spells.
Aiming: Magic Dart (safe; 4% risk of failure)
Press: ? - help, Shift-Dir - straight line, f/p - killer bee
Aim: a killer bee (almost dead, very poisoned, 100% to hit)
The magic dart hits the killer bee.
You kill the killer bee!
Sif Muna accepts your kill.
* * * LOW HITPOINT WARNING * * *
You feel very sick.
A killer bee comes into view.
Your Short Blades skill increases to level 7!
* * * LOW HITPOINT WARNING * * *
You feel very sick.
It was a potion of berserk rage.
A red film seems to cover your vision as you go berserk!
You feel yourself moving faster!
You feel mighty!
* * * LOW HITPOINT WARNING * * *
You feel very sick.
The killer bee buzzes angrily. x2
You are too berserk!
You miss the killer bee. You bite the killer bee! You drain its power.
You feel invigorated.
The killer bee is severely wounded.
* * * LOW HITPOINT WARNING * * *
You feel sick. The killer bee stings you.
You are more poisoned.
The killer bee poisons you! The killer bee stings you.
You miss the killer bee.
You bite the killer bee, but do no damage.
The killer bee is severely wounded.
* * * LOW HITPOINT WARNING * * *
You feel sick. The killer bee misses you.
The killer bee stings you but does no damage.
Unknown command.
You puncture the killer bee! You freeze the killer bee.
You kill the killer bee!
Sif Muna accepts your kill.
You die...

######### #........ .[#........
...y#.<...... ....+.<....## ###
##### #### #..##.##...#
...##..>###..########y.##+######
...............'@†.#.......+
...............#y..#†......#
...............#...'.......#
...............#...#.......#
##.###)####..###.>###....###
#####...# #..# #### ######
........# ...# ........#....#
........# ...#


You could see a killer bee.

Vanquished Creatures
  Eustachio (D:4)
  Edmund (D:4)
  2 water moccasins
  2 black bears (D:6)
  2 ogres (D:6)
  A centaur (D:5)
  A kobold brigand (D:6)
  2 bullfrogs
  5 scorpions
  A water moccasin zombie (D:5)
  A water moccasin skeleton (D:4)
  4 killer bees (D:8)
  A centaur zombie (D:7)
  3 jellies
  A gnoll shaman (D:6)
  A hound (D:6)
  2 bullfrog skeletons (D:4)
  2 iguanas
  2 howler monkey skeletons
  5 gnolls (D:6)
  4 adders
  4 river rats (Sewer)
  3 shadow imps (D:6)
  A white imp (D:7)
  6 ufetubi
  2 worms
  A dart slug (D:2)
  11 orcs
  10 endoplasms
  5 giant cockroaches
  4 hobgoblins
  3 jackals (D:2)
  11 quokkas
  11 ball pythons
  5 bats
  12 frilled lizards
  7 goblins
  9 kobolds
  15 rats
164 creatures vanquished.

Vanquished Creatures (others)
  15 plants (D:4)
15 creatures vanquished.

Grand Total: 179 creatures vanquished

Notes
Turn   | Place    | Note
-------+----------+-------------------------------------------
     0 | D:1      | shoop the Vine Stalker Hedge Wizard began the quest for the
                  | Orb.
     0 | D:1      | Reached XP level 1. HP: 9/9 MP: 5/5
    12 | D:1      | Found a faded altar of an unknown god.
   239 | D:1      | Reached XP level 2. HP: 13/13 MP: 0/7
   309 | D:1      | Learned a level 2 spell: Blink
   385 | D:1      | Found Noupipne's Book Emporium.
  1080 | D:1      | Reached XP level 3. HP: 16/16 MP: 5/8
  1700 | D:2      | Found a shimmering altar of Xom.
  1777 | D:2      | Noticed a scorpion
  2044 | D:2      | Gained mutation: Your natural rate of healing is unusually
                  | fast. [Vine Stalker growth]
  2044 | D:2      | Reached XP level 4. HP: 21/21 MP: 4/9
  2254 | D:2      | Learned a level 3 spell: Mephitic Cloud
  2668 | D:3      | Found a shimmering blue altar of Sif Muna.
  2676 | D:3      | Became a worshipper of Sif Muna the Loreminder
  2931 | D:2      | Reached skill level 3 in Stealth
  3132 | D:3      | Reached skill level 1 in Fighting
  3201 | D:3      | Found a glowing drain.
  3209 | Sewer    | Entered a sewer
  3213 | Sewer    | Reached skill level 1 in Evocations
  3334 | Sewer    | Reached XP level 5. HP: 24/25 MP: 7/10
  3484 | Sewer    | Reached * piety under Sif Muna
  4629 | D:4      | Found a snail-covered altar of Cheibriados.
  4740 | D:4      | Reached skill level 1 in Air Magic
  4740 | D:4      | Reached skill level 1 in Poison Magic
  5287 | D:4      | Reached XP level 6. HP: 13/30 MP: 2/11
  5568 | D:4      | Noticed Eustachio
  6561 | D:5      | Entered Level 5 of the Dungeon
  6563 | D:5      | Noticed a necrophage
  6831 | D:5      | Noticed a water moccasin
  6832 | D:5      | Upgraded the game from 0.28-a0-537-g3bccd9ccbf to
                  | 0.28-a0-556-gab23d0e057
  7172 | D:5      | Found a runed translucent door.
  7173 | D:5      | Noticed Crazy Yiuf
  7292 | D:5      | Noticed Dowan
  7384 | D:5      | Noticed Edmund
  7438 | D:4      | Killed Eustachio
  7439 | D:4      | Reached XP level 7. HP: 33/33 MP: 8/12
  7745 | D:6      | Reached skill level 4 in Stealth
  7754 | D:6      | Learned a level 2 spell: Poisonous Vapours
  7972 | D:6      | Gained mutation: You have razor-sharp teeth. [Vine Stalker
                  | growth]
  7972 | D:6      | Reached XP level 8. HP: 34/37 MP: 10/13
  8111 | D:6      | Reached skill level 5 in Stealth
  8441 | D:6      | Reached skill level 6 in Stealth
  8788 | D:6      | Found Yloalus's Antique Armour Shop.
  8880 | D:6      | Reached skill level 5 in Short Blades
  9106 | D:6      | Found a staircase to the Ecumenical Temple.
  9247 | D:6      | Reached skill level 7 in Stealth
  9401 | D:6      | Reached ** piety under Sif Muna
  9402 | D:6      | Reached skill level 1 in Throwing
  9402 | D:6      | Reached XP level 9. HP: 42/42 MP: 10/14
  9695 | D:4      | Killed Edmund
  9958 | D:7      | Found a stormy altar of Qazlal.
 10021 | D:7      | Reached skill level 8 in Stealth
 10119 | D:6      | Noticed a manticore
 10569 | D:8      | HP: 3/63 [poisoned by a killer bee]
 10571 | D:8      | HP: 1/63 [poisoned by a killer bee]
 10572 | D:8      | Succumbed to a killer bee's poison

Illustrated notes

Levels and vault maps discovered:
D:1:      dpeg_arrival_radiant, layout_loops_ring, serial_shops, shop,
          hellmonk_ecumenical_altar_crossroads
D:2:      layout_basic, basic_altar, roderic_lattice_a, roderic_roman_lattice
D:3:      layout_loops_corners, old_standard_altar, portal_sewer_entry_f
D:4:      layout_basic, mainiacjoe_overflow_surrounded_room,
          serial_bayou_lagoon_a, uniq_eustachio
D:5:      layout_basic, uniq_crazy_yiuf_cottage, uniq_edmund, uniq_duvessa
D:6:      layout_basic, minmay_temple_entry_glassed_door, serial_shops,
          nicolae_shop_stone, st_stairs_11, nzn_random_ring
D:7:      minmay_evil_eye, layout_loops_cross, mainiacjoe_overflow_alcove_1,
          mainiacjoe_overflow_chevrons
D:8:      layout_gridville, nicolae_wu_jian_glorious_leap,
          lemuel_coloured_pillars_altar, zin_treasury, minmay_misc_feat_ornament

Skill      XL: |  1  2  3  4  5  6  7  8  9 |
---------------+----------------------------+-----
Conjurations   | 2 3 |  3.0
Translocations | 2 |  2.0
Stealth        | 3 4 7 8 |  8.3
Fighting       | 1 2 |  2.0
Dodging        | 2 |  2.0
Evocations     | 1 2 |  2.0
Air Magic      | 1 3 |  3.0
Poison Magic   | 1 3 |  3.0
Short Blades   | 2 3 5 7 |  7.0
Throwing       | 1 |  1.0
Spellcasting   | |  3.2
Summonings     | |  1.0

Action                   |  1- 3 |  4- 6 |  7- 9 || total
-------------------------+-------+-------+-------++-------
Melee: Dagger            |    14 |   144 |   114 ||   272
       Bite              |     3 |    37 |    37 ||    77
 Cast: Magic Dart        |    85 |   178 |    48 ||   311
       Blink             |       |     6 |    15 ||    21
       Mephitic Cloud    |       |     5 |       ||     5
       Poisonous Vapours |       |       |    76 ||    76
Evoke: Wand              |       |     1 |     2 ||     3
  Use: Scroll            |       |     4 |     1 ||     5
       Potion            |       |       |     1 ||     1
 Stab: Sleeping          |     1 |     6 |     1 ||     8
       Distracted        |       |     1 |     1 ||     2
       Confused          |       |     2 |       ||     2
Armor: Robe              |     2 |    41 |    21 ||    64
Dodge: Dodged            |    11 |   145 |    87 ||   243

Table legend: (Time is in decaauts)
 A = Elapsed time spent in this place.
 B = Non-inter-level travel time spent in this place.
 C = Inter-level travel time spent in this place.
 D = Time resting spent in this place.
 E = Time spent auto-exploring this place.
 F = Levels seen in this place.
 G = Mean time per level.
                   A        B        C        D        E       F      G
               +--------+--------+--------+--------+--------+-----+--------+
         Total |  10554 |   9880 |    674 |    678 |   6912 |   9 | 1172.7 |
       Dungeon |  10016 |   9342 |    674 |    630 |   6551 |   8 | 1252.0 |
         Sewer |    537 |    537 |      0 |     48 |    361 |   1 |  537.0 |
               +--------+--------+--------+--------+--------+-----+--------+

Top non-repeatable levels by time:
     D:2: 2080 daAuts
     D:6: 1947 daAuts
     D:4: 1566 daAuts
     D:3: 1486 daAuts
     D:1: 1406 daAuts
     D:5: 871 daAuts
   Sewer: 537 daAuts
     D:7: 501 daAuts
     D:8: 155 daAuts
